Cogmind - Beta 14 @@@ ROGUE MODE // 2024.08.13 @ 19:02:45 Player: Hiredgoonthug Result: Destroyed by 22-718(R) with Subdweller Laser Performance ------------- Evolutions (0) 0 Regions Visited (3) 600 Robots Destroyed (28) 140 Value Destroyed (539) 539 Prototype IDs (0) 0 Alien Tech Used (0) 0 Bonus (0) 0 TOTAL SCORE: 1279 Bonus ------- None Cogmind --------- Core Integrity 0/250 Matter 294/300 Energy 160/160 System Corruption 0% Temperature Cool (6) Movement Rolling (150) Ox4 Location -10/Subcaves Parts ------- > --- POWER (1) -------- Light Nuclear Core > --- PROPULSION (2) --- Light Treads Subdweller Monowheel > --- UTILITY (2) ------ Huge Storage Unit Signal Interpreter > --- WEAPON (2) ------- Particle Gun Subdweller Machine Gun > --- INVENTORY (25) --- Ion Engine Wheel Combat Airjet Heat Sink Improved Heat Sink Large Storage Unit High-capacity Matter Pod (200) Sensor Array Transport Network Coupler Tractor Beam Light Assault Rifle Scrap Shield Fragment (48) Scrap Shield Fragment (41) Scrap Shield Fragment (41) Peak State ------------ > --- POWER ------------ Light Nuclear Core > --- PROPULSION ------- Light Treads Subdweller Monowheel > --- UTILITY ---------- Huge Storage Unit Signal Interpreter > --- WEAPON ----------- Particle Gun Subdweller Machine Gun > --- INVENTORY -------- Ion Engine Wheel Combat Airjet Heat Sink Improved Heat Sink Large Storage Unit High-capacity Matter Pod Sensor Array Transport Network Coupler Tractor Beam Light Assault Rifle Scrap Shield Fragment Scrap Shield Fragment [Rating: 14] Favorites ----------- Power Light Nuclear Core Engine Ion Engine Power Core Light Nuclear Core Propulsion Light Treads Treads Light Treads Wheel Wheel Utility Huge Storage Unit Storage Huge Storage Unit Processor Visual Processing Unit Weapon Assault Rifle Energy Gun Particle Gun Ballistic Gun Assault Rifle Impact Weapon Hammer Build | -11 -10 -10 -10 ------- Run | Yrd Mat Min Sub Slots Evolved . | . . . . Power . | . . . . Propulsion . | . . . . Utility . | . . . . Weapon . | . . . . Parts Attached 34 | 6 14 11 3 Power 4 | 1 1 2 . Engine 3 | 1 1 1 . Core 1 | . . 1 . Reactor . | . . . . Propulsion 13 | 2 6 4 1 Treads 10 | 2 4 4 . Leg . | . . . . Wheel 3 | . 2 . 1 Hover . | . . . . Flight . | . . . . Utility 6 | 1 4 1 . Device . | . . . . Storage 3 | 1 2 . . Processor 3 | . 2 1 . Hackware . | . . . . Protection . | . . . . Artifact . | . . . . Weapon 11 | 2 3 4 2 Energy Gun 2 | . . 1 1 Energy Cannon . | . . . . Ballistic Gun 8 | 2 3 2 1 Ballistic Cannon . | . . . . Launcher . | . . . . Special Weapon . | . . . . Impact Weapon 1 | . . 1 . Slashing Weapon . | . . . . Piercing Weapon . | . . . . Special Melee Weapon . | . . . . Unidentified Prototypes . | . . . . Parts Lost 11 | . 1 8 2 Power 1 | . . 1 . Propulsion 5 | . . 4 1 Utility . | . . . . Weapon 5 | . 1 3 1 Highest Loss Streak 8 | . 1 8 2 To Critical Strikes . | . . . . Average Slot Usage (%) 98 | . 96 99 97 Engine 8 | . 13 6 . Core 5 | . . 7 14 Treads 25 | . 23 26 22 Wheel 2 | . 4 1 3 Storage 14 | . 14 14 14 Processor 13 | . 11 14 14 Ballistic Gun 27 | . 27 27 22 Peak Build Rating 14 | 6 9 11 14 Average Rating 8 | 4 7 8 10 On Entrance 6 | . 6 9 10 Naked Turns . | . . . . Heaviest Build 92 | 12 89 89 92 Greatest Support 40 | 40 40 40 40 Greatest Overweight (x) 7 | . 7 4 4 Average Overweight (x) 1 | . . 2 2 Largest Inventory Capacity 25 | 8 25 25 25 Average Capacity 21 | 7 13 25 25 Most Carried 14 | 4 14 14 14 Average Carried 8 | 2 8 8 11 Final Capacity 25 | 8 25 25 25 Final Carried 14 | 4 14 11 14 Class Distribution -------------------- 64% | Scavenger-Mutant 35% | Mutant Dominant Class ---------------- Mutant | -10/Materials Scavenger-Mutant | -10/Mines Scavenger-Mutant | -10/Subcaves Resources | -11 -10 -10 -10 ----------- Run | Yrd Mat Min Sub Matter Collected 1066 | 253 309 456 48 Remotely . | . . . . Salvage Created 957 | . 325 536 96 Parts 60 | . 31 23 6 Haulers Intercepted 1 | . 1 . . Recyclers Shooed 1 | . . 1 . Parts Field Recycled . | . . . . Retrieved Matter . | . . . . Parts Self-Destructed . | . . . . Prevented . | . . . . Kills | -11 -10 -10 -10 ------- Run | Yrd Mat Min Sub Combat Hostiles Destroyed 22 | . 9 11 2 Guns 22 | . 9 11 2 Classes Destroyed 10 | . 5 4 1 Worker 1 | . . 1 . Tunneler 1 | . . 1 . Hauler 1 | . 1 . . Recycler 3 | . . 3 . Operator 1 | . 1 . . Watcher 3 | . 3 . . Swarmer 9 | . 6 3 . Grunt 7 | . 3 4 . Subdweller 2 | . . . 2 Assembled 4 | . . 4 . Best Kill Streak 9 | . 4 9 2 Combat Bots Only 9 | . 4 9 2 Max Kills in Single Turn 1 | . 1 1 1 Gunslinging . | . . . . Exploded . | . . . . Melee . | . . . . Uniques/NPCs Destroyed . | . . . . Combat | -11 -10 -10 -10 -------- Run | Yrd Mat Min Sub Hostile Shots Fired 166 | . 75 74 17 Missed 44 | . 22 19 3 Damage Taken 1587 | . 640 680 267 Core 264 | . 84 125 55 Absorbed by Shields . | . . . . Core Remaining (%) 100 | 100 . . . Volleys Fired 91 | . 37 41 13 Largest 2 | . 2 2 2 Hottest 95 | . 40 60 95 Shots Fired 166 | . 69 72 25 Gun 166 | . 69 72 25 Cannon . | . . . . Launcher . | . . . . Special . | . . . . Kinetic 152 | . 69 64 19 Thermal 14 | . . 8 6 Explosive . | . . . . Electromagnetic . | . . . . Robot Hit Streak 15 | . 8 15 4 Robot Miss Streak 3 | . 2 2 3 Penetration Max . | . . . . Secondary Targets 4 | . . 3 1 Max Gunslinging Chain 1 | . . 1 1 Shots Hit Robots 114 | . 47 52 15 Core Hits 54 | . 20 28 6 Critical Kills . | . . . . Critical Parts Destroyed 1 | . . 1 . Critical Strikes 1 | . . 1 . Destroy 1 | . . 1 . Melee Attacks . | . . . . Impact . | . . . . Slashing . | . . . . Piercing . | . . . . Sneak Attacks . | . . . . Combat Hostiles . | . . . . Follow-up Attacks . | . . . . Damage Inflicted 1339 | . 586 621 132 Guns 1339 | . 586 621 132 Cannons . | . . . . Explosions . | . . . . Melee . | . . . . Ramming . | . . . . Kinetic 1256 | . 586 554 116 Thermal 83 | . . 67 16 Explosive . | . . . . Electromagnetic . | . . . . Impact . | . . . . Slashing . | . . . . Piercing . | . . . . Highest Corruption . | . . . . Average Corruption . | . . . . Corruption Purged . | . . . . Corruption Blocked . | . . . . Overload Shots . | . . . . Overflow Damage . | . . . . Projectiles . | . . . . Explosions . | . . . . Melee . | . . . . Knockbacks . | . . . . Impact . | . . . . Kinetic . | . . . . Secondary . | . . . . Self-Inflicted Damage . | . . . . Shots . | . . . . Rammed . | . . . . Targets Rammed . | . . . . Kicked . | . . . . Crushed . | . . . . Highest Temperature 20 | . 20 18 8 Average Temperature 6 | . 6 7 6 Received Heat Transfer 327 | . 183 132 12 Siege Activations . | . . . . Robots Corrupted . | . . . . Combat Hostiles . | . . . . Parts Fried . | . . . . Impact Corruptions . | . . . . Robots Melted . | . . . . Combat Hostiles . | . . . . Parts Melted . | . . . . Heat Transferred 187 | . . 150 37 Parts Sabotaged . | . . . . Parts Stolen . | . . . . Parts Stripped . | . . . . Power Chain Reactions . | . . . . Alert | -11 -10 -10 -10 ------- Run | Yrd Mat Min Sub Peak Influence 170 | . 170 90 . Initial 7 | . . 7 . Average 36 | . 71 22 . Maximum Alert Level . | . . . . Low Security (%) 100 | 100 100 100 . Level 1 . | . . . . Level 2 . | . . . . Level 3 . | . . . . Level 4 . | . . . . Level 5 . | . . . . High Security . | . . . . Max Security . | . . . . Squads Dispatched 3 | . 3 . . Investigation 1 | . 1 . . Extermination . | . . . . Reinforcement 2 | . 2 . . Assault . | . . . . Garrison . | . . . . Intercept . | . . . . Searches Triggered . | . . . . Construction Impeded . | . . . . Haulers Reinforced . | . . . . Active Scanning Responses . | . . . . Cargo Convoy Interrupts . | . . . . Stealth | -11 -10 -10 -10 --------- Run | Yrd Mat Min Sub Distress Signals 1 | . 1 . . Communications Jammed . | . . . . Distress Signals . | . . . . Times Spotted 32 | . 17 12 3 Peak Tracking Total 8 | . 4 8 2 Tactical Retreats 1 | . 1 . . Traps | -11 -10 -10 -10 ------- Run | Yrd Mat Min Sub Traps Triggered 2 | . 2 . . Indirectly . | . . . . Trap Hack Attempts . | . . . . Triggered . | . . . . Disarmed . | . . . . Reprogrammed . | . . . . Reused . | . . . . Traps Extracted . | . . . . Installed . | . . . . Triggered . | . . . . Machines | -11 -10 -10 -10 ---------- Run | Yrd Mat Min Sub Machines Disabled . | . . . . Max in Single Turn . | . . . . Machines Repaired . | . . . . Machines Dismantled . | . . . . Machines Sabotaged . | . . . . Overloaded Fab Kills . | . . . . Hacking | -11 -10 -10 -10 --------- Run | Yrd Mat Min Sub Machines Accessed 7 | . 7 . . Terminals 5 | . 5 . . Fabricators . | . . . . Repair Stations . | . . . . Recycling Units 2 | . 2 . . Scanalyzers . | . . . . Garrison Access . | . . . . Total Hacks 14 | . 14 . . Successful 3 | . 3 . . Failed 11 | . 11 . . Catastrophic 3 | . 3 . . Database Lockouts . | . . . . Manual 11 | . 11 . . Terminals 11 | . 11 . . Fabricators . | . . . . Repair Stations . | . . . . Recycling Units 3 | . 3 . . Scanalyzers . | . . . . Garrison Access . | . . . . Terminal Hacks . | . . . . Fabricator Hacks . | . . . . Repair Station Hacks . | . . . . Recycling Unit Hacks 2 | . 2 . . Retrieve Components 2 | . 2 . . Scanalyzer . | . . . . Garrison Access Hacks . | . . . . Unauthorized Hacks 1 | . 1 . . Terminals 1 | . 1 . . Botnet 1 | . 1 . . Fabricators . | . . . . Repair Stations . | . . . . Recycling Units . | . . . . Scanalyzers . | . . . . Garrison Access . | . . . . Data Cores Recovered . | . . . . Used . | . . . . Hacking Detections 6 | . 6 . . Full Trace Events 1 | . 1 . . Feedback Events . | . . . . Feedback Blocked . | . . . . Robot Schematics Acquired . | . . . . Robots Built . | . . . . Authchips . | . . . . Time . | . . . . Total Robot Build Rating . | . . . . Part Schematics Acquired . | . . . . Parts Built . | . . . . Authchips . | . . . . Time . | . . . . Total Part Build Rating . | . . . . Parts Repaired . | . . . . Time . | . . . . Parts Recycled . | . . . . Recycled Matter . | . . . . Retrieved Matter . | . . . . Retrieved Components 12 | . 12 . . Parts Scanalyzed . | . . . . Part Schematics Acquired . | . . . . Parts Damaged . | . . . . Bothacking | -11 -10 -10 -10 ------------ Run | Yrd Mat Min Sub Used RIF Installer . | . . . . Robots Hacked . | . . . . Non-combat . | . . . . Combat . | . . . . Robot Hacks Applied . | . . . . Relay Couplers Released . | . . . . Fabnet Peak Effective % . | . . . . Robots Rewired . | . . . . Allies Hacked . | . . . . Hacks Repelled . | . . . . Allies | -11 -10 -10 -10 -------- Run | Yrd Mat Min Sub Total Allies . | . . . . Largest Group . | . . . . Highest-Rated Group . | . . . . Highest-Rated Ally . | . . . . Total Orders . | . . . . Ally Attacks . | . . . . Total Damage . | . . . . Kills . | . . . . Allies Corrupted . | . . . . Allies Melted . | . . . . Intel | -11 -10 -10 -10 ------- Run | Yrd Mat Min Sub Robot Analysis Total . | . . . . Derelict Logs Recovered 5 | . . 3 2 Drone Launches . | . . . . Drone Recoveries . | . . . . Exploration | -11 -10 -10 -10 ------------- Run | Yrd Mat Min Sub Turns Passed 3316 | 92 939 2060 225 Spaces Moved 1184 | 53 459 598 74 Core 5 | 4 1 . . Treads 1028 | 49 354 583 42 Legs . | . . . . Wheels 151 | . 104 15 32 Hover . | . . . . Flight . | . . . . Fastest Speed 50 | 50 140 140 150 Average Speed 242 | 151 156 315 248 Slowest Speed 480 | 160 400 320 480 Overloaded Moves . | . . . . Propulsion Burnouts . | . . . . Robots Hopped . | . . . . Cave-ins Triggered . | . . . . Exploration Rate (%) 46 | 5 77 97 6 Regions Visited 3 Branch Regions 2 Pre-discovered Areas 4 | . . 4 . Known Exits Taken 1 | . . 1 . Unknown Exits Taken 2 | 1 1 . . Scrap Searched 1 | . . 1 . Spaces Dug . | . . . . Terrain Destroyed . | . . . . Melee . | . . . . Projectile . | . . . . AOE . | . . . . Terrain Rammed . | . . . . Walls Destroyed . | . . . . Machines Disabled . | . . . . Actions | -11 -10 -10 -10 --------- Run | Yrd Mat Min Sub Total 1467 | 62 608 704 93 Wait 134 | . 86 48 . Move 1181 | 52 458 597 74 Hop . | . . . . Pick Up 22 | 4 9 6 3 Fast Attach 11 | 6 4 . 1 Attach 10 | . 1 8 1 Detach . | . . . . Swap 13 | . 9 3 1 Drop 5 | . 4 1 . Fire 91 | . 37 41 13 Melee . | . . . . Ram . | . . . . Kick . | . . . . Crush . | . . . . Escape Stasis . | . . . . Rewire . | . . . . Trap . | . . . . Miscellaneous . | . . . . Route ------- -11/Scrapyard -10/Materials (discovered 3 exits: *Mat x2 / [*Min]) -10/Mines (discovered 3 exits: *Mat x2 / *Sub) -10/Subcaves (discovered 2 exits: Mat / Rec) History --------- Turn | Location | Event 40 | -11/Scrapyard | Discovered new exit (range 16) 93 | -11/Scrapyard | Entered Materials 308 | -10/Materials | Build established: Mutant 452 | -10/Materials | Discovered new exit (range 8) 705 | -10/Materials | Discovered new exit (range 12) 929 | -10/Materials | Discovered new exit (range 12) 1032 | -10/Materials | Entered Mines 1033 | -10/Mines | Assembled infested the area 1112 | -10/Mines | Core integrity fell below 50% 1176 | -10/Mines | Lost 8 parts (1p4n3w) 1178 | -10/Mines | Destroyed 9 combat bots 1488 | -10/Mines | Build established: Scavenger-Mutant 1704 | -10/Mines | Learned location of Recycling (-8) 1947 | -10/Mines | Core integrity fell below 20% 2093 | -10/Mines | Learned location of Storage (-8) 2298 | -10/Mines | Discovered new exit (range 10) 2509 | -10/Mines | Discovered new exit (range 6) 2529 | -10/Mines | Identified exit to Materials 3076 | -10/Mines | Discovered new exit (range 6) 3088 | -10/Mines | Identified exit to Subcaves 3092 | -10/Mines | Entered Subcaves 3118 | -10/Subcaves | Identified exit to Recycling 3294 | -10/Subcaves | Identified exit to Materials 3317 | -10/Subcaves | Destroyed by 22-718(R) with Subdweller Laser Last Messages --------------- LOCATION=SUBCAVES AMBIENT_HEAT=-10 GOAL=ESCAPE 03118_ Acquired derelict log, extracted data. Loading 1 Subcaves exit... 03226_ Lgt. Treads destroyed. 03232_ 6N-XGC(R) destroyed. 03232_ Switching to secondary target: UV-2O7(R). 03238_ Assault Rifle destroyed. 03242_ Subatomizers dissect the Sub. Power Source. 03244_ UV-2O7(R) affixes Scrap Shield Fragment to Scrap Shield. 03249_ UV-2O7(R) destroyed. 03256_ Subatomizers dissect the Sub. Power Source. 03256_ Acquired Sub. Monowheel. 03261_ Acquired 48 matter. 03265_ Acquired Scrap Shield Fragment. 03266_ Subatomizers dissect the Sub. Power Source. 03268_ Acquired Scrap Shield Fragment. 03294_ Acquired derelict log, extracted data. Loading 1 Subcaves exit... Map ----- +----------------------------------------------------+ | ?????????????????????????????????????????????????? | | ?????????????????????????????????????????????????? | | ?????????????????????????????????????????????????? | | ?????????????????????????????????????????????????? | | ?????????????????????????????????????????????????? | | ??????????#####????????????????##????????????????? | | ?????????## ##?############# ##???????????????? | | ?????????# ### #???????????????? | | ??###????# ## ???????????????? | | ?? #??## ## #??????????????????????? | | "" """### ### #############??????????? | | "" """" ## ## # # # ##?????????? | | ???# " ### % #?????????? | | "" ## ##?## *% ##?????????? | | ?????## ### #???## ## ## # ##??????????? | | ??????#" #?# #???########### #???????????? | | ??????####?# ## #??## ##??##### ##???????????? | | ???????????##### #??# #### # # #????????????? | | ???????????????## #??# #????????????? | | ????????????????###?## ### ##???????????? | | ???????????????????## # # ## ###?????????? | | ???????????????????# #?????????? | | ????????????????????# # #?????????? | | ??????????????????# #< ### ##### #?????????? | | ??????????????????# ##?####????###?????????? | | ??????????????????# #< @#??????????????????????? | | ????????????????????## ?????????????????????? | | ??????????????????? ???????????????????? | | ??????????????????#"" #??????????????????? | | ??????????????????#"### ####??????????????????? | | ??????????????????##??### #?????????????????????? | | ???????????????????????? ?????????????????????? | | ???????????????????????? R ?????????????????????? | | ????????????????????????# ##????????????????????? | | ?????????????????????????" ?????????????????????? | | ?????????????????????????"""?????????????????????? | | ??????????????????????????""?????????????????????? | | ??????????????????????????""?????????????????????? | | ?????????????????????????????????????????????????? | | ?????????????????????????????????????????????????? | | ?????????????????????????????????????????????????? | | ?????????????????????????????????????????????????? | | ?????????????????????????????????????????????????? | | ?????????????????????????????????????????????????? | | ?????????????????????????????????????????????????? | | ?????????????????????????????????????????????????? | | ?????????????????????????????????????????????????? | | ?????????????????????????????????????????????????? | | ?????????????????????????????????????????????????? | | ?????????????????????????????????????????????????? | +----------------------------------------------------+ Best States ------------- Heat Dissipation 25 Energy Generation 14 Energy Capacity 250 Matter Stores 300 Matter Capacity 300 Sight Range 18 Terrain Scan Density 10 Evasion (%) 40 Recoil Reduction 2 Item Schematics ----------------- None Robot Schematics ------------------ None Fabricated ------------ Nothing Alien Tech Used ----------------- None Achievements -------------- I Survived The Infestation Challenges ------------ None Game ------ Seed HardcellTerrabombLog Manual? 0 Play Time 00:15:39 Cumulative 22.7 hours Start 2024.08.13 @ 18:47:31 End 2024.08.13 @ 19:02:45 Sessions 1 Manual Loads 0 Difficulty Rogue Special Mode None Game No. 29 Rogue 29 Adventurer 0 Explorer 0 Win Type - Total 0 Types 0/0/0/0/0/0/0/0/0 Lore% 14 Gallery% 27 Achievement% 29 Wizard Run 0 Options --------- Layout 0 ASCII 0 Keyboard 0 Movement Mouse Keybinds 0 Fullscreen 2 Font 24/Terminus Map View 76x50 Zoom Use 0% Tactical HUD 1 Map Filters NONE Filters NONE Steam 1 RUN: e4bbf5b5-faa3-4334-91fe-e9cf47b116da